 Dungeon Crawl Stone Soup version 0.27.1-16-g815e20cd7a (webtiles) character file.

Game seed: 9849297115523928281

63 riftmaster1123 the Stinger (level 3, -9/26 HPs)
             Began as a Draconian Venom Mage on Nov 23, 2021.
             Killed by miscasting Mephitic Cloud (11 damage)
             ... on level 3 of the Dungeon.
             The game lasted 00:11:08 (1693 turns).

riftmaster1123 the Stinger (Draconian Venom Mage)   Turns: 1693, Time: 00:11:08

Health: -9/26      AC:  5    Str: 10    XL:     3   Next: 89%
Magic:  3/6        EV: 12    Int: 16    God:
Gold:   96         SH:  0    Dex: 11    Spells: 2/6 levels left

rFire    . . .     SeeInvis .   k - +0 mace
rCold    . . .     Faith    .   (no shield)
rNeg     + . .     Spirit   .   (armour unavailable)
rPois    .         Reflect  .   (helmet restricted)
rElec    .         Harm     .   (no cloak)
rCorr    .         Rampage  .   (no gloves)
Will     .....                  (no boots)
Stlth    ++........             (no amulet)
HPRegen  0.08/turn              f - ring of positive energy
MPRegen  0.10/turn              (no ring)

@: lethally poisoned (-9 -> -16), very slightly contaminated, hasted, very quick
A: AC +5, unfitting armour, cold-blooded
a: no special abilities


You were on level 3 of the Dungeon.
You visited 1 branch of the dungeon, and saw 3 of its levels.

You collected 96 gold pieces.

Inventory:

Hand Weapons
 j - a +0 war axe
 k - a +0 mace (weapon)
Missiles
 i - 26 stones (quivered)
Jewellery
 f - a ring of positive energy (left hand)
Scrolls
 c - a scroll of noise {unknown}
 e - a scroll of identify
 l - a scroll of holy word {unknown}
Potions
 a - a potion of mutation {unknown}
 d - a potion of lignification {unknown}
 g - a potion of curing {unknown}
 h - a potion of berserk rage {unknown}


   Skills:
 + Level 0.3 Fighting
 + Level 0.4 Short Blades
 * Level 2.2 Dodging
 + Level 1.9 Stealth
 + Level 2.4 Spellcasting
 + Level 1.6 Transmutations
 * Level 3.7 Poison Magic


You had 2 spell levels left.
You knew the following spells:

 Your Spells              Type           Power      Damage    Failure   Level
a - Sting                 Tmut/Pois      40%        1d5       7%          1
b - Mephitic Cloud        Conj/Pois/Air  6%         N/A       34%         3

Your spell library contained the following spells:

 Spells                   Type           Power      Damage    Failure   Level
 Poisonous Vapours        Pois/Air       16%        N/A       14%         2
 Olgreb's Toxic Radiance  Pois           14%        N/A       38%         4


Dungeon Overview and Level Annotations

Branches:
Dungeon (3/15)

Altars:
Ru


Innate Abilities, Weirdness & Mutations

Your plain brown scales are hard. (AC +5)
You cannot fit into any form of body armour.
You are cold-blooded and may be slowed by cold attacks.


Message History

You are more poisoned.
The adder poisons you! The hobgoblin closely misses you.
The adder bites you but does no damage.
You hit the hobgoblin but do no damage.
Your tail-slap misses the hobgoblin.
The hobgoblin is heavily wounded.
You feel very sick.
The hobgoblin hits you but does no damage.
The adder barely misses you.
The hobgoblin hits you but does no damage.
The adder bites you but does no damage.
You feel sick.
You feel sick.
You closely miss the adder.
You feel sick. The adder misses you. The adder barely misses you.
You miss the adder.
You feel sick.
The adder bites you but does no damage. x2
You closely miss the adder.
You feel sick.
You are no longer poisoned.
The adder barely misses you. The adder bites you.
* * * LOW HITPOINT WARNING * * *
You barely miss the adder. The adder barely misses you. The adder misses you.
Okay, then.
As you read the scroll labelled HYDIME ENOAZUPP, it crumbles to dust.
It is a scroll of identify.
b - a potion of haste The adder bites you.
* * * LOW HITPOINT WARNING * * *
You feel yourself speed up. The adder barely misses you.
Okay, then.
Casting: Sting (safe; 7% risk of failure)
Confirm with . or Enter, or press ? or * to list all spells.
The spell is extremely dangerous to cast (34% risk of failure)!
Continue anyway?
Aiming: Mephitic Cloud (extremely dangerous; 34% risk of failure)
Press: ? - help, Shift-Dir - straight line, f - adder
Aim: an adder (chance to affect: 91%) That beam is likely to hit you.
Continue anyway?
You miscast Mephitic Cloud.
You are very lightly contaminated with residual magic.
You feel odd!
You are lethally poisoned!
You die...

..##
##.#............####....#
###
#...........###.......#
###.............###...#
##########.##....†..#
#.##l?.....# #...#......#
#####l###.#..# #.S...#
.....# #@#####.#......
#.# #.###.#..# #.# #
...... ..# ...>.. ...
#.## #. ..


You could see an adder and a frilled lizard.

Vanquished Creatures
  2 adders (D:2)
  3 dart slugs
  2 endoplasms (D:1)
  3 hobgoblins (D:1)
  5 jackals (D:1)
  2 quokkas
  4 ball pythons
  3 bats (D:1)
  2 frilled lizards
  5 goblins
  2 kobolds (D:1)
  4 rats
37 creatures vanquished.

Vanquished Creatures (others)
  2 fungi (D:2)
2 creatures vanquished.

Grand Total: 39 creatures vanquished

Notes
Turn   | Place    | Note
-------+----------+-------------------------------------------
     0 | D:1      | riftmaster1123 the Draconian Venom Mage began the quest for
                  | the Orb.
     0 | D:1      | Reached XP level 1. HP: 14/14 MP: 3/3
   229 | D:1      | Reached XP level 2. HP: 18/20 MP: 0/5
   468 | D:1      | Reached XP level 3. HP: 17/26 MP: 0/6
   500 | D:1      | Learned a level 3 spell: Mephitic Cloud
   792 | D:2      | Found a sacrificial altar of Ru.
   961 | D:2      | Found a faded altar of an unknown god.
  1693 | D:3      | Killed by miscasting Mephitic Cloud

Illustrated notes

Levels and vault maps discovered:
D:1:      elethiomel_arrival_infinity_welcomes_careful_drivers, layout_rooms,
          st_stairs_7, nrook_mini_backslash, corexii_hall_statues_x,
          hangedman_abyss_or_decor_lesser_grid, minmay_pentomino_z4
D:2:      layout_loops_ring, shapermc_ecumenical_altar_mp_urbaneastern,
          basic_altar, serial_bayou_pond_a, grunt_decor_arrowhead
D:3:      kennysheep_slugbush, layout_basic, hex_intersection

Skill      XL: |  1  2  3 |
---------------+----------+-----
Dodging        | 2 |  2.2
Fighting       | |  0.3
Short Blades   | |  0.4
Stealth        | |  1.9
Spellcasting   | |  2.4
Transmutations | |  1.6
Poison Magic   | |  3.7

Action                   || total
-------------------------++-------
Melee: Unarmed           ||    11
       Short sword       ||    32
       Tailslap          ||     3
       Mace              ||    31
Throw: Stone             ||     1
 Cast: Sting             ||    36
  Use: Scroll            ||     2
       Potion            ||     1
Armor: Skin              ||    32
Dodge: Dodged            ||    59
